 Dungeon Crawl Stone Soup version 0.30-a0-778-g2ef04afb54 (webtiles) character file.

Game seed: 6255610205711322765

220 Lavandula the Slasher (level 6, -3/47 HPs)
             Began as a Human Monk on Feb 16, 2023.
             Slain by Menkaure (17 damage)
             ... on level 4 of the Dungeon.
             The game lasted 00:04:18 (1909 turns).

Lavandula the Slasher (Human Monk)                  Turns: 1909, Time: 00:04:18

Health: -3/47      AC:  5    Str: 13    XL:     6   Next: 18%
Magic:  6/6        EV: 11    Int: 11    God:
Gold:   161        SH:  0    Dex: 15    Spells: 5/5 levels left

rFire   . . .      SeeInvis .    g - +1 war axe (distort)
rCold   . . .      Faith    .    (no shield)
rNeg    . . .      Spirit   .    f - +0 ring mail
rPois   .          Reflect  .    (no helmet)
rElec   .          Harm     .    (no cloak)
rCorr   .          Rampage  .    (no gloves)
Will    .....                    (no boots) Stlth
                                 e - amulet of the acrobat
HPRegen 0.27/turn                (no ring)
MPRegen 0.10/turn                (no ring)

@: confused, ambrosia-drunk
A: no striking features
a: no special abilities


You were on level 4 of the Dungeon.
You visited 1 branch of the dungeon, and saw 4 of its levels.

You collected 161 gold pieces.

Inventory:

Hand Weapons
 a - a +0 falchion
 g - a +1 war axe of distortion (weapon)
 n - a +0 rapier
 s - a +1 dagger of venom
Missiles
 r - 4 poisoned darts (quivered)
Armour
 b - a +0 robe
 f - a +0 ring mail (worn)
 u - a +0 scale mail
Jewellery
 e - an amulet of the acrobat (around neck)
Scrolls
 d - 2 scrolls of teleportation
 h - a scroll of identify
 j - a scroll of brand weapon
 k - a scroll of noise {unknown}
 m - 2 scrolls of fog {unknown}
 o - a scroll of poison {unknown}
 q - a scroll of fear {unknown}
 t - a scroll of torment
 x - a scroll of amnesia {unknown}
Potions
 i - a potion of might
 l - a potion of flight {unknown}
 p - a potion of resistance {unknown}
 v - a potion of degeneration {unknown}
 z - a potion of brilliance {unknown}
 A - a potion of lignification {unknown}


   Skills:
 - Level 3.0 Fighting
 - Level 4.8 Long Blades
 + Level 3.9 Axes
 - Level 3.0 Dodging
 - Level 2.0 Stealth


You had 5 spell levels left.
You didn't know any spells.
Your spell library contained the following spells:

 Spells                   Type           Power      Damage    Failure   Level
 Ignite Poison            Fire/Tmut/Pois 0%         N/A       93%         3
 Kindle Blastsparks       Fire/Tloc/Air  0%         2d10      93%         3
 Freezing Cloud           Conj/Ice/Air   0%         6-21      100%        5


Dungeon Overview and Level Annotations

Branches:
Dungeon (4/15)
 Temple: D:4-7

Altars:
Cheibriados
Vehumet

Annotations:
D:2 Sigmund
D:3 Grinder
D:4 Menkaure


Message History

There is an escape hatch in the ceiling here.
You open the door.
Found a chain mail.
A quokka comes into view.
A quokka is nearby!
A quokka is nearby!
You slash the quokka!
You kill the quokka!
No target in view!
No target in view!
No target in view!
You see here a quokka corpse.
You open the door.
Found a stone staircase leading up.
Menkaure, Prince of Dust comes into view.
Menkaure shouts!
Menkaure is nearby!
Menkaure is nearby!
Menkaure mumbles some strange words.
Menkaure seems to speed up.
You hit Menkaure but do no damage. Menkaure hits you!! Menkaure hits you!
* * * LOW HITPOINT WARNING * * *
You are too injured to fight recklessly!
You feel better. Menkaure barely misses you.
Okay, then.
Unknown command.
Okay, then.
Sorry, you're not good enough to have a special ability.
Unknown command.
Okay, then.
Unknown command.
Sorry, you're not good enough to have a special ability.
Unknown command.
You slash Menkaure!
Menkaure is moderately damaged.
Menkaure hits you!
* * * LOW HITPOINT WARNING * * *
You are confused.
You feel invigorated. Menkaure hits you!
You die...

......#
......#
#########
'######
#.......#
'####
#.#####.#
....# #.#
#.#
....#####.#
#.#
....+.....#
#.#
....####..#
#.#####.#
....# #..#
#.@M....#
....# #..#
#########
....####..#
###.#<....#
# #.####.##
# #.# #.#
#.# #.#
###†# #.#
#...####.#


You could see Menkaure (fast).

Vanquished Creatures
  A hound (D:4)
  3 adders (D:4)
  A worm (D:4)
  3 dart slugs
  An orc (D:4)
  5 ball pythons
  10 bats
  5 endoplasms
  10 giant cockroaches
  9 goblins
  6 hobgoblins
  4 jackals (D:3)
  3 quokkas
  4 frilled lizards
  4 kobolds
  5 rats
74 creatures vanquished.

Notes
Turn   | Place    | Note
-------+----------+-------------------------------------------
     0 | D:1      | Lavandula the Human Monk began the quest for the Orb.
     0 | D:1      | Reached XP level 1. HP: 18/18 MP: 1/1
    64 | D:1      | Reached XP level 2. HP: 13/24 MP: 2/2
   158 | D:1      | Found a faded altar of an unknown god.
   260 | D:1      | Reached skill level 4 in Long Blades
   260 | D:1      | Reached XP level 3. HP: 14/29 MP: 3/3
   747 | D:2      | Reached XP level 4. HP: 32/35 MP: 4/4
   837 | D:2      | Noticed Sigmund
  1081 | D:3      | Noticed Grinder
  1244 | D:4      | Reached skill level 1 in Axes
  1424 | D:4      | Reached XP level 5. HP: 15/41 MP: 5/5
  1619 | D:4      | Found a snail-covered altar of Cheibriados.
  1622 | D:4      | Noticed a phantom
  1627 | D:4      | Found a radiant altar of Vehumet.
  1639 | D:4      | Banished a phantom
  1640 | D:4      | Reached XP level 6. HP: 36/47 MP: 6/6
  1904 | D:4      | Noticed Menkaure
  1909 | D:4      | Slain by Menkaure

Illustrated notes

Levels and vault maps discovered:
D:1:      onia_arrival_pyramid, layout_rooms, ebering_ecumenical_altar_webs,
          minmay_3d_cube
D:2:      minmay_roachtagon, layout_rooms, basic_altar, minmay_pentomino_p2,
          uniq_sigmund, uniq_crazy_yiuf_cottage
D:3:      layout_basic, minmay_misc_feat_iff, uniq_terence, uniq_grinder
D:4:      layout_basic, chequers_temple_overflow_statue_of_worship,
          uniq_menkaure, uniq_ijyb

Skill      XL: |  1  2  3  4  5 |
---------------+----------------+-----
Long Blades    | 4 |  4.8
Axes           | 1 3 |  3.9
Fighting       | |  3.0
Dodging        | |  3.0
Stealth        | |  2.0

Action                     |  1- 3 |  4- 6 || total
---------------------------+-------+-------++-------
  Melee: Falchion          |   126 |    40 ||   166
         War axe           |       |    43 ||    43
         Punch             |       |     1 ||     1
    Use: Scroll            |       |     4 ||     4
         Potion            |       |     4 ||     4
   Stab: Sleeping          |     1 |     1 ||     2
 Armour: Robe              |     6 |       ||     6
         Ring mail         |    37 |    27 ||    64
  Dodge: Dodged            |   140 |    80 ||   220

Table legend: (Time is in decaauts)
 A = Elapsed time spent in this place.
 B = Non-inter-level travel time spent in this place.
 C = Inter-level travel time spent in this place.
 D = Time resting spent in this place.
 E = Time spent auto-exploring this place.
 F = Levels seen in this place.
 G = Mean time per level.
                   A        B        C        D        E       F      G
               +--------+--------+--------+--------+--------+-----+--------+
         Total |   1941 |   1897 |     44 |      3 |   1335 |   4 |  485.2 |
       Dungeon |   1941 |   1897 |     44 |      3 |   1335 |   4 |  485.2 |
               +--------+--------+--------+--------+--------+-----+--------+

Top non-repeatable levels by time:
     D:4: 826 daAuts
     D:1: 676 daAuts
     D:2: 246 daAuts
     D:3: 191 daAuts
